 Seeded DCSS version 0.29.1-2-gbd0b4ee654 (webtiles) character file.

Game seed: 1 (custom seed)

1595 Kazon the Trooper (level 8, -7/62 HPs)
             Began as a Demonspawn Berserker on Nov 14, 2022.
             Was an Elder of Trog.
             Killed from afar by Maggie (27 damage)
             ... with a bolt of fire
             ... on level 6 of the Dungeon.
             The game lasted 00:17:34 (3705 turns).

Kazon the Trooper (Demonspawn Berserker)            Turns: 3705, Time: 00:17:35

Health: -7/62      AC: 11    Str: 19    XL:     8   Next: 62%
Magic:  8/8        EV: 12    Int:  8    God:    Trog [****..]
Gold:   227        SH:  4    Dex: 16    Spells: 7/7 levels left

rFire   . . .      SeeInvis .   s - +3 falchion of Winter {venom, rCorr}
rCold   + + .      Faith    .   c - +0 buckler
rNeg    + . .      Spirit   .   D - +3 leather armour {rC+}
rPois   .          Reflect  .   z - +0 helmet
rElec   .          Harm     .   (no cloak)
rCorr   +          Rampage  .   B - +0 pair of gloves of Erepn {Regen+ Dex+2 Stlth+}
Will    .....                   k - +2 pair of boots
Stlth   ++++......              d - amulet of the acrobat
HPRegen 1.00/turn               t - ring of positive energy
MPRegen 0.11/turn               F - ring of protection from cold

@: mesmerised
A: claws 2, powered by death 1, spiny 1
a: Renounce Religion, Berserk, Trog's Hand, Brothers in Arms


You were on level 6 of the Dungeon.
You worshipped Trog.
Trog was greatly pleased with you.
You visited 1 branch of the dungeon, and saw 6 of its levels.

You collected 411 gold pieces.
You spent 184 gold pieces at shops.

Inventory:

Hand Weapons
 e - a +2 dagger of venom
 s - the +3 falchion of Winter (weapon) {venom, rCorr}
   (You bought it in a shop on level 3 of the Dungeon)

   It poisons the flesh of those it strikes.
   rCorr:     It protects you from acid and corrosion.
 u - a +1 long sword of protection
Missiles
 h - 55 stones (quivered)
 n - 5 boomerangs
 o - a throwing net
 C - 2 curare-tipped darts
 K - 8 poisoned darts
Armour
 c - a +0 buckler (worn)
 k - a +2 pair of boots (worn)
 z - a +0 helmet (worn)
 B - the +0 pair of gloves of Erepn (worn) {Regen+ Dex+2 Stlth+}
   (You acquired it on level 1 of the Dungeon)

   Dex:       It affects your dexterity (+2).
   Regen:     It increases your rate of health regeneration.
   Stlth:     It makes you more stealthy.
 D - a +3 leather armour of cold resistance (worn)
Jewellery
 d - an amulet of the acrobat (around neck)
 t - a ring of positive energy (left hand)
 F - a ring of protection from cold (right hand)
Wands
 A - a wand of mindburst (19)
 E - a wand of flame (11)
Scrolls
 i - 8 scrolls of identify
 l - 2 scrolls of immolation {unknown}
 p - a scroll of poison {unknown}
 q - a scroll of fog {unknown}
 v - a scroll of teleportation {unknown}
 x - a scroll of magic mapping {unknown}
 y - 2 scrolls of noise {unknown}
 G - a scroll of enchant weapon {unknown}
 J - a scroll of fear {unknown}
Potions
 a - 2 potions of ambrosia {unknown}
 b - a potion of cancellation {unknown}
 f - a potion of attraction {unknown}
 g - a potion of flight {unknown}
 j - 2 potions of berserk rage {unknown}
 m - 2 potions of haste
 r - a potion of experience {unknown}
 w - 4 potions of lignification {unknown}
 H - a potion of degeneration {unknown}
 I - a potion of magic


   Skills:
 * Level 5.3 Fighting
 + Level 2.0(3.9) Short Blades
 + Level 5.2(5.4) Long Blades
 + Level 2.2 Throwing
 + Level 2.5 Armour
 + Level 3.5 Dodging
 + Level 4.8 Stealth
 + Level 1.5 Shields
 * Level 3.3 Evocations


You had 7 spell levels left.
You didn't know any spells.
Your spell library was empty.

Dungeon Overview and Level Annotations

Branches:
Dungeon (6/15)
 Temple: D:4-7

Altars:
Hepliaklqana

Shops:
D:3 (

Annotations:
D:6 Maggie


Innate Abilities, Weirdness & Mutations

You have very sharp fingernails.
You regenerate a little health from kills.
You are partially covered in sharp spines.


Message History

Maggie mumbles some strange words.
Maggie draws you further into her thrall.
Throw: 56 stones
Press: ? - help, Q - select action, (/) - cycle Shift-Dir - straight line, f/p - jelly
Aim: a jelly (lightly wounded, 90% to hit)
You throw a stone. The stone barely misses the jelly.
Unknown command.
You slash the jelly!
The jelly is poisoned.
Your hands burn!
The jelly is almost dead.
You kill the jelly!
Trog accepts your kill. Maggie completely misses you.
There is an open door here.
Maggie is struck by your spines. Maggie completely misses you.
You hit Maggie but do no damage.
Maggie is poisoned.
Maggie is lightly wounded.
Maggie is struck by your spines. Maggie barely misses you.
You closely miss Maggie.
Maggie is lightly wounded.
Maggie gestures at you while chanting. The bolt of fire hits you!
You hit Maggie.
Maggie looks as sick as possible!
Maggie is moderately wounded.
Maggie hits you with a +0 glaive.
You hit Maggie.
Maggie looks as sick as possible!
Maggie is heavily wounded.
Maggie hits you with a +0 glaive.
You hit Maggie.
Maggie looks as sick as possible!
Maggie is heavily wounded.
You block Maggie's attack.
You slash Maggie!
Maggie looks as sick as possible!
Maggie is almost dead.
Maggie gestures at you while chanting. The bolt of fire hits you!
You hit Maggie but do no damage.
Maggie looks as sick as possible!
Maggie is almost dead.
Maggie hits you with a +0 glaive!
Maggie points at you and mumbles some strange words.
The bolt of fire hits you!!
You die...

#)#.# #...#+#..
#)#.# +#........
#)#.# ##.....!..#
#.#.####.........#
#.#.+.."....#...#+
#.#.# #.........#
#...#.###........#
#.#.#...'#........
#.#.#...@#...#+#..
#.#.##$.@#..##
#.#.##...#.##
#.#.####.#.#
#...######'######
#.#...............
#............#####
##############


You could see Maggie (mesmerising, extremely poisoned).

Vanquished Creatures
  Eustachio (D:5)
  Menkaure (D:5)
  A water moccasin (D:5)
  An orc warrior (D:5)
  A sky beast (D:5)
  2 centaurs (D:5)
  A kobold brigand (D:6)
  A necrophage (D:5)
  5 scorpions
  A howler monkey (D:5)
  A jelly (D:6)
  A hound (D:4)
  3 orc priests
  3 iguanas
  Robin (D:3)
  6 gnolls
  9 adders
  An ufetubus (D:5)
  3 worms
  12 orcs
  11 endoplasms
  A giant cockroach (D:1)
  16 goblins
  9 hobgoblins
  A jackal (D:4)
  11 kobolds
  A quokka (D:1)
  5 ball pythons
  4 bats
  3 frilled lizards
  6 rats
123 creatures vanquished.

Notes
Turn   | Place    | Note
-------+----------+-------------------------------------------
     0 | D:1      | Kazon the Demonspawn Berserker began the quest for the Orb.
     0 | D:1      | Reached XP level 1. HP: 18/18 MP: 1/1
    34 | D:1      | Identified a scroll of acquirement
    34 | D:1      | Acquired the +0 pair of gloves of Erepn {Regen+ Dex+2
                  | Stlth+}
   231 | D:1      | Gained mutation: You are partially covered in sharp spines.
                  | [demonic ancestry]
   231 | D:1      | Reached XP level 2. HP: 24/24 MP: 2/2
   816 | D:2      | Gained mutation: You regenerate a little health from kills.
                  | [demonic ancestry]
   816 | D:2      | Reached XP level 3. HP: 29/29 MP: 3/3
  1117 | D:2      | Reached skill level 1 in Stealth
  1117 | D:2      | Reached XP level 4. HP: 21/37 MP: 4/4
  1120 | D:2      | Reached ** piety under Trog
  1245 | D:3      | Found Umat's Antique Weapon Boutique.
  1274 | D:3      | Bought a crude falchion for 184 gold pieces
  1274 | D:3      | Identified the +3 falchion of Winter {venom, rCorr} (You
                  | bought it in a shop on level 3 of the Dungeon)
  1335 | D:3      | Noticed Robin
  1351 | D:3      | Killed Robin
  1442 | D:3      | Reached XP level 5. HP: 35/42 MP: 5/5
  1865 | D:4      | Reached skill level 1 in Throwing
  1940 | D:4      | Reached *** piety under Trog
  2087 | D:4      | Reached XP level 6. HP: 47/48 MP: 6/6
  2160 | D:4      | Reached skill level 1 in Short Blades
  2423 | D:4      | Found a hazy altar of Hepliaklqana.
  2736 | D:5      | Entered Level 5 of the Dungeon
  2797 | D:5      | Reached skill level 1 in Evocations
  2797 | D:5      | Gained mutation: You have sharp fingernails. [demonic
                  | ancestry]
  2797 | D:5      | Reached XP level 7. HP: 55/55 MP: 7/7
  2802 | D:5      | Noticed Eustachio
  2823 | D:5      | Killed Eustachio
  3259 | D:5      | Noticed Menkaure
  3269 | D:5      | Killed Menkaure
  3270 | D:5      | Reached skill level 5 in Fighting
  3270 | D:5      | Gained mutation: You have very sharp fingernails. [demonic
                  | ancestry]
  3270 | D:5      | Reached XP level 8. HP: 62/62 MP: 8/8
  3400 | D:5      | Reached skill level 5 in Long Blades
  3467 | D:5      | Reached skill level 1 in Shields
  3569 | D:6      | Reached **** piety under Trog
  3693 | D:6      | Noticed Maggie
  3705 | D:6      | Killed from afar by Maggie

Illustrated notes

Levels and vault maps discovered:
D:1:      dpeg_arrival_three_smaller_balls, layout_basic
D:2:      layout_loops_ring
D:3:      layout_basic, serial_shops, nicolae_shop_stone, st_stairs_9,
          minmay_misc_feat_doors, eino_curves_03, uniq_robin
D:4:      minmay_wonky_spiral, layout_basic,
          mainiacjoe_overflow_surrounded_room, minivault_5
D:5:      layout_cave_pods, uniq_menkaure, uniq_eustachio
D:6:      cheibrodos_barr_body, layout_basic, minmay_crystal_room,
          minmay_pentangle, uniq_maggie, uniq_edmund

Skill      XL: |  1  2  3  4  5  6  7  8 |
---------------+-------------------------+-----
Armour         | 2 |  2.5
Long Blades    | 3 4 5 |  5.2
Dodging        | 2 3 |  3.5
Stealth        | 1 2 3 4 |  4.8
Fighting       | 4 5 |  5.3
Throwing       | 1 2 |  2.2
Short Blades   | 1 2 |  2.0
Evocations     | 1 2 3 |  3.3
Shields        | 1 |  1.5

Action                   |  1- 3 |  4- 6 |  7- 9 || total
-------------------------+-------+-------+-------++-------
Melee: Falchion          |    54 |    55 |    83 ||   192
       Dagger            |    11 |    36 |     5 ||    52
       Punch             |       |     1 |       ||     1
Throw: Stone             |       |    10 |    11 ||    21
Invok: Trog's Hand       |       |       |     1 ||     1
Evoke: Wand              |       |       |     1 ||     1
  Use: Scroll            |     2 |       |       ||     2
       Potion            |       |       |     1 ||     1
 Stab: Sleeping          |     5 |    13 |     3 ||    21
       Distracted        |       |     1 |       ||     1
Armor: Animal skin       |    17 |    15 |    11 ||    43
       Leather armour    |       |       |    16 ||    16
Dodge: Dodged            |    47 |    44 |    51 ||   142
Block: Buckler           |       |     2 |    15 ||    17
